 Dungeon Sprint DCSS version 0.17.1-3-g152610e (webtiles) character file.

9700000 Groucho the Ninja (level 27, -32/174 HPs)
             Began as a Spriggan Abyssal Knight on Apr 27, 2016.
             Was the Champion of Makhleb.
             Killed from afar by a wretched soul (66 damage)
             ... with a bolt of negative energy
             ... in the Dungeon (Sprint VIII: "Arena of Blood").
             The game lasted 00:06:02 (97 turns).

Groucho the Ninja (Spriggan Abyssal Knight)           Turns: 97, Time: 00:06:02

Health: -32/174    AC:  4    Str:  8    XL:     27
Magic:  20/55      EV: 44    Int: 16    God:    Makhleb [******]
Gold:   0          SH:  0    Dex: 26    Spells: 0 memorised, 80 levels left

rFire  . . .     SeeInvis +     j - +∞ Axe of Woe
rCold  . . .     Clarity  .     b - +0 robe
rNeg   . . .     SustAt   .     (shield currently unavailable)
rPois  .         Gourm    .     (helmet restricted)
rElec  .         Spirit   .     (no cloak)
rCorr  .         Warding  .     (gloves unavailable)
rMut   .         NoTele   +     (boots unavailable)
MR     ++++.                    (no amulet)
Stlth  ++++++++++               e - +200 ring of slaying
                                k - +30 ring of slaying

@: very slightly contaminated, hasted, drained, very quick, incredibly resistant
to hostile enchantments, uncannily stealthy
A: unfitting armour, see invisible, herbivore 3, speed 3, slow metabolism 2
a: Minor Destruction, Lesser Servant of Makhleb, Major Destruction, Greater
Servant of Makhleb, Renounce Religion


You were in the Dungeon.
You worshipped Makhleb.
Makhleb was exalted by your worship.
You were not hungry.

You visited 1 branch

Inventory:

Hand Weapons
 a - a +1 hand axe
 j - the +∞ Axe of Woe (weapon)
   (You found it in the Dungeon)
Armour
 b - a +0 robe (worn)
Jewellery
 e - a +200 ring of slaying (right hand)
 k - a +30 ring of slaying (left hand)
 l - a +30 ring of slaying
 m - a +200 ring of slaying
Scrolls
 i - a scroll of blinking
Potions
 g - 2 potions of magic
 h - a potion of berserk rage
Comestibles
 c - a bread ration


   Skills:
 O Level 27(25.5) Fighting
 O Level 27(25.5) Axes
 O Level 27(25.5) Throwing
 O Level 27(25.5) Armour
 O Level 27(25.5) Dodging
 O Level 27(25.5) Stealth
 O Level 27(25.5) Unarmed Combat
 O Level 27(25.5) Spellcasting
 O Level 27(25.5) Invocations


You had 80 spell levels left.
You didn't know any spells.

Dungeon Overview and Level Annotations

Branches:
Dungeon (1/1)

Altars:
Makhleb

Annotations:
D The Captor


Innate Abilities, Weirdness & Mutations

You are tiny and cannot use many weapons and most armour.
You have supernaturally acute eyesight.
You are a herbivore.
You cover ground extremely quickly.
You need consume almost no food.


Message History

You chop the meat berserker into pieces.
You kill the meat berserker!
Makhleb accepts your kill.
You are engulfed in roaring flames.
* * * LOW HITPOINT WARNING * * *
You hear a shout!
The Captor points at you and mumbles some strange words.
The stream of webbing hits you!
You are caught in a web!
The wretched soul is engulfed in roaring flames.
The tyrant mumbles some strange words.
You hear a shout!
You disentangle yourself.
You are engulfed in roaring flames.
* * * LOW HITPOINT WARNING * * *
You hear a shout! x5
The Captor gestures at you while chanting.
You barely resist.
The wretched soul is engulfed in roaring flames.
The wretched soul breathes negative energy at you.
The bolt of negative energy hits you!
You feel drained.
You die...

#.. ....# #..
.%.# 2o .###%.
...###.Lo
......###....%.o.
....%%@_Mo)......
#.§§))# . #_§<§_#
...
.L.#.§§Mo#o....
.%...ooW@o.......
.X.%%%###W.......
.###.. ...###...
#.. §..# .. #..
....# .. ..... ..
....... ....


You could see 2 accurseds, a tyrant, a large abomination, a wretched soul
(invisible), a dread, The Captor and 6 bags of meat.

Vanquished Creatures
  3 hell beasts (D)
  2 greater mummies (D)
  2 wraiths (D)
  5 vampire knights (D)
  18 ogres (D)
  2 liches (D)
  2 hydras (D)
  30 orcs (D)
  A phantom (D)
  4 hill giants (D)
  A skeletal warrior (D)
  3 large abominations (D)
  3 small abominations (D)
  3 crawling corpses (D)
79 creatures vanquished.

Vanquished Creatures (others)
  2 crawling corpses (D)
2 creatures vanquished.

Grand Total: 81 creatures vanquished

Notes
Turn   | Place    | Note
--------------------------------------------------------------
     0 | D        | Groucho the Spriggan Abyssal Knight began the quest for the Orb.
     0 | D        | Reached XP level 1. HP: 11/11 MP: 3/3
     3 | D        | Noticed a bag of meat
     3 | D        | Noticed a bag of meat
     4 | D        | Fell from the grace of Lugonu
     4 | D        | Became a worshipper of Makhleb the Destroyer
     5 | D        | Noticed a bag of meat
     7 | D        | Noticed a bag of meat
     9 | D        | Noticed a bag of meat
     9 | D        | Noticed a bag of meat
    10 | D        | Killed a bag of meat
    10 | D        | Reached skill level 11 in Fighting
    10 | D        | Reached skill level 17 in Dodging
    10 | D        | Reached skill level 18 in Stealth
    10 | D        | Reached XP level 2. HP: 13/25 MP: 3/10
    10 | D        | Reached XP level 3. HP: 15/30 MP: 3/11
    10 | D        | Reached XP level 4. HP: 17/35 MP: 3/13
    10 | D        | Reached XP level 5. HP: 18/38 MP: 3/14
    10 | D        | Reached XP level 6. HP: 20/43 MP: 3/16
    10 | D        | Reached XP level 7. HP: 21/47 MP: 3/17
    10 | D        | Reached XP level 8. HP: 23/52 MP: 3/18
    10 | D        | Reached XP level 9. HP: 24/56 MP: 3/19
    10 | D        | Reached XP level 10. HP: 25/60 MP: 3/20
    10 | D        | Reached XP level 11. HP: 27/65 MP: 3/21
    10 | D        | Killed a bag of meat
    10 | D        | Reached * piety under Makhleb
    10 | D        | Reached skill level 19 in Dodging
    10 | D        | Reached skill level 20 in Stealth
    10 | D        | Reached XP level 12. HP: 29/72 MP: 3/23
    11 | D        | Noticed a bag of meat
    11 | D        | Noticed a bag of meat
    11 | D        | Killed a bag of meat
    11 | D        | Reached skill level 21 in Dodging
    11 | D        | Reached skill level 22 in Stealth
    11 | D        | Reached skill level 15 in Invocations
    11 | D        | Reached XP level 13. HP: 75/78 MP: 3/25
    11 | D        | Killed a bag of meat
    11 | D        | Reached ** piety under Makhleb
    11 | D        | Reached skill level 24 in Stealth
    11 | D        | Reached XP level 14. HP: 82/84 MP: 3/27
    13 | D        | Noticed a bag of meat
    14 | D        | Killed a bag of meat
    14 | D        | Reached skill level 15 in Fighting
    14 | D        | Reached skill level 15 in Axes
    14 | D        | Reached skill level 10 in Armour
    14 | D        | Reached skill level 25 in Stealth
    16 | D        | Noticed a meat berserker
    16 | D        | Noticed a bag of meat
    16 | D        | Noticed a bag of meat
    18 | D        | Killed a bag of meat
    18 | D        | Reached *** piety under Makhleb
    18 | D        | Reached skill level 26 in Stealth
    18 | D        | Reached XP level 15. HP: 89/91 MP: 4/29
    19 | D        | Noticed a bag of meat
    19 | D        | Killed a bag of meat
    19 | D        | Reached skill level 27 in Stealth
    20 | D        | Noticed a meat berserker
    21 | D        | Killed a bag of meat
    22 | D        | Noticed a bag of meat
    22 | D        | Noticed a bag of meat
    22 | D        | Killed a meat berserker
    22 | D        | Reached **** piety under Makhleb
    22 | D        | Reached skill level 27 in Dodging
    22 | D        | Reached XP level 16. HP: 97/102 MP: 4/32
    23 | D        | Noticed a meat berserker
    23 | D        | Noticed a meat berserker
    23 | D        | Noticed a bag of meat
    24 | D        | Noticed a large bag of meat
    24 | D        | Noticed a bag of meat
    26 | D        | Killed a bag of meat
    26 | D        | Killed a bag of meat
    26 | D        | Reached XP level 17. HP: 106/109 MP: 5/33
    27 | D        | Noticed a meat berserker
    27 | D        | Noticed a bag of meat
    28 | D        | Killed a meat berserker
    28 | D        | Reached ***** piety under Makhleb
    28 | D        | Reached skill level 15 in Armour
    29 | D        | Noticed a bag of meat
    29 | D        | Noticed a bag of meat
    29 | D        | Noticed a bag of meat
    29 | D        | Killed a bag of meat
    30 | D        | Killed a meat berserker
    30 | D        | Reached skill level 27 in Invocations
    30 | D        | Reached XP level 18. HP: 117/121 MP: 6/36
    32 | D        | Noticed a bag of meat
    32 | D        | Noticed a meat berserker
    32 | D        | Noticed an eight-headed meat hydra
    32 | D        | Killed a large bag of meat
    33 | D        | Noticed a bag of meat
    33 | D        | Killed a meat berserker
    33 | D        | Killed a bag of meat
    34 | D        | Noticed a destroyer
    34 | D        | Noticed a bag of meat
    34 | D        | Killed a bag of meat
    34 | D        | Reached ****** piety under Makhleb
    35 | D        | Killed a bag of meat
    35 | D        | Reached XP level 19. HP: 130/130 MP: 7/37
    35 | D        | Killed a destroyer
    35 | D        | Reached skill level 27 in Fighting
    35 | D        | Reached skill level 27 in Axes
    36 | D        | Noticed a meat berserker
    36 | D        | Noticed an eight-headed meat hydra
    36 | D        | Killed a bag of meat
    36 | D        | Killed a meat berserker
    36 | D        | Reached skill level 15 in Unarmed Combat
    37 | D        | Noticed a bag of meat
    37 | D        | Noticed a bag of meat
    37 | D        | Killed a meat berserker
    37 | D        | Killed a bag of meat
    38 | D        | Noticed a bag of meat
    38 | D        | Noticed a destroyer
    38 | D        | Killed a bag of meat
    40 | D        | Noticed a sculptor of flesh
    40 | D        | Killed a bag of meat
    40 | D        | Reached XP level 20. HP: 93/137 MP: 8/38
    40 | D        | Killed a meat berserker
    40 | D        | Killed a bag of meat
    40 | D        | Killed a bag of meat
    40 | D        | Killed a bag of meat
    42 | D        | Noticed a destroyer
    42 | D        | Killed a bag of meat
    42 | D        | Killed a bag of meat
    43 | D        | Killed a destroyer
    44 | D        | Noticed a destroyer
    44 | D        | Noticed a destroyer
    44 | D        | Killed a nine-headed meat hydra
    46 | D        | Noticed a bag of meat
    46 | D        | Noticed a meat berserker
    46 | D        | Killed a bag of meat
    46 | D        | Killed a sculptor of flesh
    47 | D        | Killed a destroyer
    47 | D        | Reached skill level 27 in Armour
    47 | D        | Reached skill level 27 in Unarmed Combat
    47 | D        | Reached skill level 10 in Throwing
    47 | D        | Reached XP level 21. HP: 142/142 MP: 9/39
    49 | D        | Noticed a bag of meat
    49 | D        | Noticed a sculptor of flesh
    49 | D        | Killed a destroyer
    50 | D        | Noticed a meat berserker
    53 | D        | Noticed a bag of meat
    53 | D        | Killed a meat berserker
    54 | D        | Noticed a bag of meat
    54 | D        | Noticed a meat berserker
    55 | D        | Noticed an accursed
    56 | D        | Killed a meat berserker
    56 | D        | Reached skill level 27 in Spellcasting
    56 | D        | Reached XP level 22. HP: 148/148 MP: 11/54
    56 | D        | Killed a meat berserker
    56 | D        | Killed a bag of meat
    56 | D        | Reached skill level 27 in Throwing
    57 | D        | Killed a bag of meat
    58 | D        | Noticed a bag of meat
    59 | D        | Killed a nine-headed meat hydra
    61 | D        | Noticed a meat berserker
    61 | D        | Noticed a meat beast
    61 | D        | Killed an accursed
    61 | D        | Reached XP level 23. HP: 153/153 MP: 12/55
    62 | D        | Killed a bag of meat
    63 | D        | Killed a bag of meat
    64 | D        | Noticed a large bag of meat
    65 | D        | Killed a meat beast
    65 | D        | Reached XP level 24. HP: 158/158 MP: 13/55
    66 | D        | Killed a meat berserker
    68 | D        | Noticed a dread
    69 | D        | Killed a large bag of meat
    71 | D        | Noticed a meat berserker
    71 | D        | Noticed a tyrant
    73 | D        | Noticed a bag of meat
    73 | D        | Noticed a bag of meat
    73 | D        | Noticed a tyrant
    73 | D        | Noticed an accursed
    73 | D        | Noticed a meat berserker
    73 | D        | Noticed a meat beast
    73 | D        | Noticed a bag of meat
    74 | D        | Noticed a bag of meat
    74 | D        | Noticed a bag of meat
    74 | D        | Noticed an accursed
    74 | D        | Noticed a destroyer
    74 | D        | Noticed a meat berserker
    74 | D        | Noticed a meat berserker
    75 | D        | Noticed a meat berserker
    76 | D        | Noticed a dread
    76 | D        | Killed a meat berserker
    76 | D        | Killed a meat berserker
    76 | D        | Reached XP level 25. HP: 163/163 MP: 16/55
    77 | D        | Noticed a large bag of meat
    77 | D        | Killed a meat berserker
    78 | D        | Noticed an accursed
    78 | D        | Noticed a dread
    79 | D        | Noticed a large bag of meat
    80 | D        | Noticed a bag of meat
    81 | D        | Noticed a meat berserker
    81 | D        | Noticed a large bag of meat
    81 | D        | Killed a tyrant
    81 | D        | Killed a meat berserker
    81 | D        | Killed a destroyer
    81 | D        | Reached XP level 26. HP: 158/169 MP: 17/55
    81 | D        | Killed a meat beast
    82 | D        | Noticed a wretched soul
    82 | D        | Killed a meat berserker
    83 | D        | Killed a large bag of meat
    83 | D        | Reached XP level 27. HP: 174/174 MP: 17/55
    84 | D        | Noticed a meat beast
    85 | D        | Noticed The Captor
    85 | D        | Killed an accursed
    86 | D        | Killed a bag of meat
    86 | D        | Killed a dread
    87 | D        | Killed a meat beast
    88 | D        | Killed a meat berserker
    90 | D        | Noticed a meat berserker
    90 | D        | Noticed a wretched soul
    90 | D        | Killed a bag of meat
    91 | D        | Killed a large bag of meat
    92 | D        | Killed a dread
    93 | D        | Noticed a tyrant
    93 | D        | Killed a tyrant
    96 | D        | Noticed a bag of meat
    96 | D        | Killed a wretched soul
    96 | D        | Killed a meat berserker
    97 | D        | Killed from afar by a wretched soul

Action                   |  1- 3 |  4- 6 |  7- 9 | 10-12 | 13-15 | 16-18 | 19-21 | 22-24 | 25-27 || total
-------------------------+-------+-------+-------+-------+-------+-------+-------+-------+-------++-------
Melee: Broad axe         |     1 |       |       |     1 |     5 |     8 |    15 |     9 |    14 ||    53
  Use: Potion            |       |       |       |       |       |       |     1 |       |     2 ||     3
